Map: Habitation Station LE (Void)

Players

Scarlett

  • Race: Zerg Zerg
  • Spawn Location: 11:00

PiG - Winner!

  • Race: Zerg Zerg
  • League: Grandmaster
  • Spawn Location: 1:00

VOD

https://www.youtube.com/watch?v=2y3F10mlwsc

Description

From the PiG daily #106. This build utilizes the lack of scouting information your opponent has and hits hard with a ton of early slow lings. While sacrificing economy, this build can outright win the game early on.

Time

  • Played on: Jan. 7, 2017, 10:39 p.m.
  • Length: 4:38
Show
View Real Time Build Order
Export as new Build Order

Scarlett Zerg 

Build Orders: Pool First 

Get SALT Encoding   

  12  0:00  Drone  
  13  0:12  Overlord  
  13  0:17  Drone  
  14  0:30  Drone x2  
  16  0:40  Spawning Pool  
  15  0:44  Drone  
  15  0:47  Drone  
  17  1:00  Drone  
  18  1:11  Hatchery  
  17  1:17  Extractor  
  16  1:20  Drone x2  
  18  1:28  Queen  
  18  1:31  Zergling x2  
  21  1:41  Overlord  
  21  1:49  Zergling x2  
  22  2:04  Queen  
  24  2:09  Zergling x2  
  24  2:15  Zergling x2  
  26  2:27  Zergling x2  
  26  2:36  Drone x2  
  27  2:37  Metabolic Boost  
  27  2:39  Overlord  
  27  2:55  Hatchery  
  27  2:56  Drone  
  27  2:59  Drone x2  
  29  3:06  Overlord  
  29  3:08  Drone  
  29  3:09  Drone  
  31  3:14  Overlord  
  31  3:16  Drone  
  32  3:22  Overlord  
  32  3:31  Zergling x2  
  32  3:32  Zergling x4  
  35  3:39  Drone x2, Overlord  
  37  3:53  Drone  
  37  3:54  Drone x2  
  40  3:58  Zergling x6  
  40  4:02  Zergling x2  
  40  4:05  Zergling x2  
  41  4:11  Zergling x2  
  41  4:13  Zergling x2  
Show
View Real Time Build Order
Export as new Build Order

PiG Zerg - Winner!

Build Orders: Pool First 

Get SALT Encoding   

  12  0:01  Drone  
  13  0:21  Spawning Pool  
  13  0:25  Drone  
  13  0:29  Drone  
  14  0:35  Extractor  
  14  0:36  Drone  
  15  0:43  Overlord  
  15  1:09  Zergling x2, Queen  
  15  1:10  Zergling x4  
  20  1:21  Zergling x2  
  21  1:32  Zergling x2  
  22  1:33  Hatchery  
  21  1:45  Queen  
  21  1:46  Extractor  
  22  1:51  Overlord  
  23  2:15  Zergling x6  
  25  2:33  Zergling x4  
  25  2:34  Zergling x2  
  26  2:46  Queen  
  26  2:50  Zergling x4  
  30  2:55  Zergling x2  
  31  3:06  Zergling x2  
  31  3:08  Overlord x2  
  32  3:27  Zergling x12  
  38  3:42  Zergling x10  
Tags
 
Add a new tag
Caveats
  • Supply blocks, unpowered buildings, or Contaminate may cause inaccurate times.
  • Supply counts are checked every 10 seconds.